 Dungeon Crawl Stone Soup version 0.28.0-43-g3370ac3207 (webtiles) character file.

Game seed: 15451401367741062236

4531 Peloso the Carver (level 10, -6/88 HPs)
             Began as a Minotaur Fighter on Mar 22, 2022.
             Was a Priest of Okawaru.
             Mangled by a kobold
             ... wielding a +2 short sword of distortion
              (7 damage)
             ... on level 8 of the Dungeon.
             The game lasted 00:11:43 (8490 turns).

Peloso the Carver (Minotaur Fighter)                Turns: 8490, Time: 00:11:43

Health: -6/88      AC: 17    Str: 28    XL:     10   Next: 17%
Magic:  9/9        EV:  8    Int:  5    God:    Okawaru [***...]
Gold:   404        SH:  6    Dex: 13    Spells: 9/9 levels left

rFire   . . .      SeeInvis .   a - +0 long sword
rCold   . . .      Faith    .   c - +0 buckler
rNeg    . . .      Spirit   .   O - +0 plate armour
rPois   .          Reflect  .   (helmet restricted)
rElec   .          Harm     .   m - +0 cloak
rCorr   .          Rampage  .   i - +0 pair of gloves
Will    .....                   (no boots)
Stlth   ..........              (no amulet)
HPRegen 0.24/turn               y - +6 ring of strength
MPRegen 0.11/turn               (no ring)

@: slowed, very slow
A: horns 2, retaliatory headbutt
a: Renounce Religion, Heroism


You were on level 8 of the Dungeon.
You worshipped Okawaru.
Okawaru was most pleased with you.
You visited 1 branch of the dungeon, and saw 8 of its levels.

You collected 584 gold pieces.
You spent 180 gold pieces at shops.

Inventory:

Hand Weapons
 a - a +0 long sword (weapon)
 b - a +1 war axe of flaming
Missiles
 J - 2 throwing nets (quivered)
Armour
 c - a +0 buckler (worn)
 f - a +0 chain mail
 i - a +0 pair of gloves (worn)
 m - a +0 cloak (worn)
 B - the +0 cloak "Izuph" {*Slow rF++}
   (You bought it in a shop on level 6 of the Dungeon)

   rF:        It greatly protects you from fire.
   *Slow:     It may slow you when you take damage.
 O - a +0 plate armour (worn)
Jewellery
 y - a +6 ring of strength (left hand)
Wands
 n - a wand of flame (12)
 F - a wand of polymorph (9)
 K - a wand of iceblast (11)
Scrolls
 g - 2 scrolls of immolation
 h - a scroll of identify
 k - 4 scrolls of amnesia
 l - 2 scrolls of blinking {unknown}
 o - 4 scrolls of teleportation {unknown}
 q - a scroll of magic mapping {unknown}
 t - a scroll of fog {unknown}
 w - a scroll of enchant weapon {unknown}
 x - a scroll of holy word {unknown}
 D - a scroll of enchant armour {unknown}
 E - 2 scrolls of noise {unknown}
 G - a scroll of fear {unknown}
 H - a scroll of torment {unknown}
 M - a scroll of acquirement {unknown}
Potions
 d - 2 potions of might
 e - a potion of brilliance
 j - a potion of flight
 p - 3 potions of curing
 r - a potion of invisibility
 s - 2 potions of heal wounds
 u - 3 potions of cancellation
 v - 2 potions of ambrosia {unknown}
 z - a potion of mutation {unknown}
 A - 2 potions of magic {unknown}
 C - a potion of resistance {unknown}
 I - a potion of haste {unknown}
 L - 3 potions of attraction {unknown}
 N - a potion of berserk rage {unknown}


   Skills:
 + Level 7.8 Fighting
 + Level 11.3 Long Blades
 + Level 10.2 Armour
 + Level 3.4 Dodging
 + Level 0.1 Stealth
 + Level 7.2 Shields
 + Level 0.2 Invocations
 + Level 0.2 Evocations


You had 9 spell levels left.
You didn't know any spells.
Your spell library contained the following spells:

 Spells                   Type           Power      Damage    Failure   Level
 Beastly Appendage        Tmut           0%         N/A       99%         1
 Freeze                   Ice            0%         1d3       99%         1
 Pain                     Necr           0%         1d4       99%         1
 Corpse Rot               Necr/Air       0%         N/A       100%        2
 Wereblood                Tmut           0%         N/A       100%        2
 Frozen Ramparts          Ice            0%         1d2       100%        3
 Spider Form              Tmut/Pois      0%         N/A       100%        3
 Vampiric Draining        Necr           0%         2d6       100%        3
 Hailstorm                Conj/Ice       0%         3d3       100%        4
 Blade Hands              Tmut           0%         N/A       100%        5
 Excruciating Wounds      Necr           0%         N/A       100%        5
 Borgnjor's Revivificati  Necr           0%         N/A       100%        8
 Animate Skeleton         Necr           Unusable   N/A       N/A         1

Dungeon Overview and Level Annotations

Branches:
Dungeon (8/15)             Temple (0/1) D:5
   Lair: D:8-11

Altars:
Elyvilon
Gozag
Hepliaklqana
Makhleb
Okawaru
Qazlal
Vehumet
Zin
The Shining One

Shops:
D:2 (=[(   D:6 [


Innate Abilities, Weirdness & Mutations

You have a pair of horns on your head.
You reflexively headbutt those who attack you in melee.


Message History

The kobold brigand hits you but does no damage.
You block the kobold's attack.
You closely miss the kobold brigand.
The kobold brigand is almost dead.
The kobold brigand hits you but does no damage.
You block the kobold's attack.
The kobold brigand hits you with a +0 short sword.
You barely miss the kobold brigand.
Your headbutt misses the kobold brigand.
The kobold brigand is almost dead.
You block the kobold's attack.
The kobold brigand hits you but does no damage.
The kobold hits you with a +2 short sword of distortion.
You barely miss the kobold brigand.
The kobold brigand is almost dead.
The kobold brigand barely misses you. You block the kobold's attack.
You closely miss the kobold brigand.
The kobold brigand is almost dead.
You block the kobold brigand's attack. You block the kobold's attack.
You barely miss the kobold brigand.
The kobold brigand is almost dead.
The kobold brigand hits you with a +0 short sword.
You block the kobold's attack.
The kobold brigand hits you with a +0 short sword.
You slash the kobold brigand!
You kill the kobold brigand!
Okawaru accepts your kill. You block the kobold's attack.
The kobold hits you but does no damage. Space warps horribly around you!
* * * LOW HITPOINT WARNING * * *
You block the kobold's attack.
Things that are here:
a +0 short sword; a curare-tipped dart You barely miss the kobold.
The kobold hits you but does no damage.
You blink.
The kobold hits you with a +2 short sword of distortion.
* * * LOW HITPOINT WARNING * * *
Space warps horribly around you!!
* * * LOW HITPOINT WARNING * * *
The kobold hits you but does no damage. Space warps around you!
You die...

###..#....#...... ...
.##.......##....
.#............8..###
[...##.....###.. ..###
....######..# #.##...####
...## #.# #....#.... ...#
#.# #......# ..####
#.####......# ...<.#
####./.).@K)...##### .....#
#...####...)...[...#
.....###...# ##...)......#
###...##...###............#
###..........#....?.....#
###.....####..........#
##...## #...../....# #...#
######?....# #.[.# .....#


You could see a kobold.

Vanquished Creatures
  Harold (D:7)
  Maggie (D:7)
  A troll (D:8)
  Grinder (D:5)
  A steam dragon (D:8)
  Menkaure (D:5)
  A water moccasin (D:8)
  An orc warrior (D:8)
  3 ice beasts
  A black bear (D:7)
  2 sky beasts (D:7)
  4 ogres
  2 centaurs
  A kobold brigand (D:8)
  4 bullfrogs
  5 scorpions
  A wyvern zombie (D:6)
  A water moccasin zombie (D:6)
  A wyvern skeleton (D:5)
  3 killer bees (D:7)
  A jelly (D:6)
  2 orc priests
  Crazy Yiuf (D:2)
  5 hounds
  A centaur skeleton (D:5)
  A gnoll shaman (D:7)
  Jessica (D:3)
  2 iguanas
  Ijyb (D:3)
  Natasha (twice) (D:3)
  4 orc wizards
  A killer bee zombie (D:8)
  A howler monkey zombie (D:8)
  10 gnolls
  3 adders
  A shadow imp (D:5)
  A white imp (D:8)
  An ufetubus (D:7)
  An adder skeleton (D:4)
  3 worms
  2 dart slugs
  27 orcs
  6 ball pythons
  4 endoplasms
  2 giant cockroaches
  10 goblins
  8 hobgoblins
  2 jackals (D:2)
  2 quokkas (D:4)
  5 bats
  4 frilled lizards
  11 kobolds
  4 rats
166 creatures vanquished.

Vanquished Creatures (others)
  A fungus (D:6)
  3 plants (D:7)
  5 toadstools (D:6)
9 creatures vanquished.

Grand Total: 175 creatures vanquished

Notes
Turn   | Place    | Note
-------+----------+-------------------------------------------
     0 | D:1      | Peloso the Minotaur Fighter began the quest for the Orb.
     0 | D:1      | Reached XP level 1. HP: 19/19 MP: 0/0
   294 | D:1      | Reached XP level 2. HP: 25/27 MP: 1/1
   582 | D:1      | Found a faded altar of an unknown god.
   771 | D:2      | Found Jija's Weapon Emporium.
   782 | D:2      | Reached XP level 3. HP: 33/33 MP: 2/2
  1117 | D:2      | Found a runed translucent door.
  1118 | D:2      | Noticed Crazy Yiuf
  1153 | D:2      | Found Zimutit's Jewellery Shop.
  1209 | D:2      | Found Goux's Antique Weapon Shop.
  1213 | D:2      | Reached skill level 3 in Long Blades
  1253 | D:2      | Found Kopem's Antique Armour Boutique.
  1290 | D:2      | Reached XP level 4. HP: 16/40 MP: 3/3
  1812 | D:2      | Killed Crazy Yiuf
  1846 | D:3      | Noticed Ijyb
  1857 | D:3      | Killed Ijyb
  1858 | D:3      | Reached skill level 5 in Armour
  1858 | D:3      | Reached XP level 5. HP: 43/47 MP: 4/4
  1906 | D:3      | Reached skill level 4 in Long Blades
  1969 | D:3      | Found an opulent altar of Gozag.
  2058 | D:3      | Noticed Jessica
  2065 | D:3      | Killed Jessica
  2079 | D:3      | Found a radiant altar of Vehumet.
  2676 | D:3      | Noticed Natasha
  2693 | D:3      | Killed Natasha
  2969 | D:3      | Noticed Natasha
  2979 | D:3      | Killed Natasha
  2980 | D:3      | Reached XP level 6. HP: 40/53 MP: 5/5
  3131 | D:4      | Noticed an ice beast
  3150 | D:4      | Killed an ice beast
  3507 | D:4      | Reached skill level 5 in Long Blades
  3507 | D:4      | Reached skill level 5 in Shields
  3853 | D:4      | Reached XP level 7. HP: 41/57 MP: 6/6
  4153 | D:4      | Reached skill level 6 in Long Blades
  4498 | D:4      | Found a burning altar of Makhleb.
  4588 | D:4      | Reached skill level 5 in Fighting
  4721 | D:5      | Entered Level 5 of the Dungeon
  4729 | D:5      | Found a glowing silver altar of Zin.
  4729 | D:5      | Found a glowing golden altar of the Shining One.
  4730 | D:5      | Found a white marble altar of Elyvilon.
  4758 | D:5      | Noticed Grinder
  4763 | D:5      | Killed Grinder
  4764 | D:5      | Reached skill level 7 in Long Blades
  4764 | D:5      | Reached skill level 1 in Dodging
  4905 | D:5      | Noticed Menkaure
  4911 | D:5      | Killed Menkaure
  4912 | D:5      | Reached XP level 8. HP: 38/70 MP: 7/7
  5164 | D:5      | Found an iron altar of Okawaru.
  5176 | D:5      | Became a worshipper of Warmaster Okawaru
  5289 | D:5      | Found a staircase to the Ecumenical Temple.
  5721 | D:6      | Found Weypaxecs's Antique Armour Emporium.
  5737 | D:6      | Reached skill level 8 in Long Blades
  5805 | D:6      | Bought a steaming cloak for 180 gold pieces
  5805 | D:6      | Identified the +0 cloak "Izuph" {*Slow rF++} (You bought it
                  | in a shop on level 6 of the Dungeon)
  5960 | D:6      | Reached * piety under Okawaru
  6574 | D:7      | Reached skill level 9 in Long Blades
  6574 | D:7      | Reached XP level 9. HP: 68/78 MP: 8/8
  6861 | D:7      | Found a hazy altar of Hepliaklqana.
  7076 | D:7      | Found a stormy altar of Qazlal.
  7111 | D:7      | Noticed Harold
  7125 | D:7      | Killed Harold
  7125 | D:7      | Reached ** piety under Okawaru
  7126 | D:7      | Reached skill level 10 in Long Blades
  7279 | D:7      | Noticed Maggie
  7290 | D:7      | Killed Maggie
  7609 | D:8      | Noticed a troll
  7623 | D:8      | Killed a troll
  7624 | D:8      | Reached skill level 11 in Long Blades
  7626 | D:8      | Reached XP level 10. HP: 38/88 MP: 6/9
  7655 | D:8      | Reached skill level 10 in Armour
  8007 | D:8      | Reached *** piety under Okawaru
  8432 | D:8      | Got Sif Muna's Disquisition on Mutagenic Dark Rites
  8490 | D:8      | HP: 1/88 [kobold/+2 short sword of distortion (24)]
  8490 | D:8      | Mangled by a kobold

Illustrated notes

Levels and vault maps discovered:
D:1:      co_arrival_square_in_a_square_in_a_square, layout_rooms,
          shapermc_ecumenical_altar_petra, serial_curves, eino_curves_03,
          eino_curves_01, eino_curves_03, interstate_on_off
D:2:      layout_basic, serial_shops, nicolae_square_shop, shop,
          nicolae_shop_overgrown_old_shop, nicolae_shop_trees,
          uniq_crazy_yiuf_cottage
D:3:      layout_loops_ring, overflow_temple_1_default, grunt_gozag_statues,
          uniq_jessica, uniq_natasha, uniq_ijyb
D:4:      layout_gridville, kennysheep_little_box
D:5:      layout_basic, good_gods_mini_temple, nicolae_overflow_crystal_walls,
          minmay_temple_entry_statues_fountains, uniq_grinder, uniq_menkaure
D:6:      layout_cave_pools, serial_shops, shop, serial_glass, glass_columns_b,
          glass_columns_b, kennysheep_doodads, minmay_gold_behind_fungi,
          grunt_ministairs_12
D:7:      layout_loops_ring, kennysheep_mini_moat,
          nicolae_hepliaklqana_hazy_memory, uniq_maggie, uniq_harold
D:8:      layout_rooms, wad_dig_loot

Skill      XL: |  1  2  3  4  5  6  7  8  9 10 |
---------------+-------------------------------+-----
Armour         | 4 5 6 7 8 9 10 | 10.2
Shields        | 4 5 6 7 |  7.2
Fighting       | 4 6 7 |  7.8
Long Blades    | 3 4 5 7 9 11 | 11.3
Dodging        | 1 2 3 |  3.4
Stealth        | |  0.1
Invocations    | |  0.2
Evocations     | |  0.2

Action                   |  1- 3 |  4- 6 |  7- 9 | 10-12 || total
-------------------------+-------+-------+-------+-------++-------
Melee: Long sword        |   109 |   133 |   256 |    62 ||   560
       Headbutt          |    18 |    21 |    51 |    12 ||   102
Invok: Heroism           |       |       |     2 |       ||     2
Evoke: Wand              |       |       |     3 |       ||     3
  Use: Scroll            |       |       |     8 |       ||     8
Armor: Chain mail        |    75 |    66 |   116 |    25 ||   282
       Scale mail        |     2 |       |       |       ||     2
       Plate armour      |       |       |       |    14 ||    14
Dodge: Dodged            |    45 |    39 |    89 |    22 ||   195
Block: Buckler           |    22 |    27 |    71 |    30 ||   150
